 Dungeon Crawl Stone Soup version 0.23.2-40-g277498a001 (webtiles) character file.

Game seed: 13019434764959795034

3392 Kostasan the Cleaver (level 9, -7/82 HPs)
             Began as a Minotaur Berserker on Oct 2, 2019.
             Was an Elder of Trog.
             Mangled by an orc warrior
             ... wielding a cursed -1 mace
              (17 damage)
             ... on level 8 of the Dungeon.
             The game lasted 00:25:56 (6227 turns).

Kostasan the Cleaver (Minotaur Berserker)           Turns: 6227, Time: 00:25:56

Health: -7/82      AC: 15    Str: 22    XL:     9   Next: 75%
Magic:  8/8        EV: 10    Int:  4    God:    Trog [****..]
Gold:   354        SH:  0    Dex: 13    Spells: 8/8 levels left

rFire    + + .     SeeInvis .   k - +0 battleaxe
rCold    + . .     Gourm    +   (shield currently unavailable)
rNeg     . . .     Faith    .   d - +0 plate armour
rPois    .         Spirit   .   (helmet restricted)
rElec    .         Reflect  .   q - scarf {rC+ rF+}
rCorr    .         Harm     .   (no gloves)
MR       ++...                  l - +1 pair of boots
Stlth    ..........             y - amulet of the gourmand
HPRegen  1.23/turn              r - ring of protection from fire
MPRegen  0.11/turn              (no ring)

@: lethally poisoned (-7 -> -7), berserk cooldown, very slightly contaminated,
regenerating, slowed, invisible, very slow
A: retaliatory headbutt, horns 2
a: Berserk, Trog's Hand, Brothers in Arms, Renounce Religion


You were on level 8 of the Dungeon.
You worshipped Trog.
Trog was greatly pleased with you.
You were very full.

You visited 1 branch of the dungeon, and saw 8 of its levels.

You collected 354 gold pieces.

Inventory:

Hand Weapons
 k - a +0 battleaxe (weapon)
Missiles
 h - 187 stones (quivered)
Armour
 d - a +0 plate armour (worn)
 l - a +1 pair of boots (worn)
 q - a scarf of resistance (worn)
Jewellery
 r - a ring of protection from fire (left hand)
 y - an amulet of the gourmand (around neck)
 z - a cursed ring of teleportation {unknown}
Wands
 e - a wand of acid (10)
 o - a wand of iceblast (9)
Scrolls
 a - 2 scrolls of teleportation
 g - 3 scrolls of magic mapping
 j - 3 scrolls of remove curse
 n - a scroll of enchant weapon
 t - 5 scrolls of identify
 w - a scroll of summoning {unknown}
 x - a scroll of blinking
Potions
 b - 4 potions of curing
 f - 2 potions of flight
 i - 2 potions of magic {unknown}
 m - 3 potions of haste
 p - a potion of agility {unknown}
 s - a potion of heal wounds {unknown}
 u - a potion of invisibility
 v - a potion of mutation {unknown}
 A - a potion of brilliance {unknown}
 B - a potion of cancellation {unknown}
Comestibles
 c - 14 rations


   Skills:
 + Level 8.3 Fighting
 * Level 11.0 Axes
 + Level 7.9 Armour
 + Level 7.1 Dodging


You had 8 spell levels left.
You didn't know any spells.
Your spell library contained the following spells:

 Spells                   Type           Power        Failure   Level  Hunger
 Confusing Touch          Hex            #.....       100%        1    ##.....
 Confuse                  Hex            #.......     100%        3    ####...
 Gell's Gravitas          Tloc           #.........   100%        3    ####...
 Petrify                  Tmut/Erth      #.......     100%        4    #####..
 Metabolic Englaciation   Hex/Ice        #.........   100%        5    ######.
 Yara's Violent Unravell  Hex/Tmut       #.........   100%        5    ######.


Dungeon Overview and Level Annotations

Branches:
Dungeon (8/15)             Temple (0/1) D:7
   Lair: D:8-11

Altars:
Ashenzari
Cheibriados
Dithmenos
Elyvilon
Gozag
Hepliaklqana
Kikubaaqudgha
Makhleb
Okawaru
Ru
Uskayaw
Wu Jian
Xom

Shops:
D:4 =   D:7 %


Innate Abilities, Weirdness & Mutations

You reflexively headbutt those who attack you in melee.
You have a pair of horns on your head.


Message History

There is an open door here.
You feel sick.
There isn't anything here!
You close the door.
You feel sick.
You feel sick.
You feel sick.
There is an open door here.
You feel sick.
There isn't anything here!
You feel sick.
The orc warrior hits you but does no damage.
There is an open door here.
You fade into invisibility!
You feel sick. The orc warrior barely misses you.
You are very lightly contaminated with residual magic.
Your skin crawls.
You feel resistant to hostile enchantments.
You feel somewhat less full.
The orc warrior hits you with a cursed -1 mace!
You die...

#######
#.......... #.
#.......... #.
#...?...... #.
#.......... #
#..........
#..........
#..........
#.......... .
###@###########o.
#o##......(.(o.
#oo+...oo..'#
####...)).(####
#.))[)......
#...))......
#####.....(.
...(... #######


You could see an orc warrior and 2 orcs.

Vanquished Creatures
  Pikel (D:8)
  Prince Ribbit (D:6)
  Sigmund (D:2)
  6 yaks (D:7)
  A sky beast (D:8)
  3 orc warriors
  An ogre (D:5)
  2 slaves (D:8)
  A phantom (D:4)
  2 centaurs (D:8)
  2 bullfrogs (D:7)
  A scorpion (D:7)
  A crimson imp (D:5)
  4 hounds
  2 centaur skeletons
  3 orc priests
  A jelly (D:5)
  An iguana (D:4)
  3 orc wizards
  6 worker ants
  14 adders
  An adder skeleton (D:4)
  A worm (D:2)
  2 dart slugs
  5 leopard geckos
  26 orcs
  A ball python (D:3)
  6 bats
  8 giant cockroaches
  9 goblins
  11 hobgoblins
  22 jackals
  15 kobolds
  2 quokkas
  7 frilled lizards
  12 rats
185 creatures vanquished.

Notes
Turn   | Place    | Note
-------+----------+-------------------------------------------
     0 | D:1      | Kostasan the Minotaur Berserker began the quest for the
                  | Orb.
     0 | D:1      | Reached XP level 1. HP: 19/19 MP: 0/0
   340 | D:1      | Reached XP level 2. HP: 18/27 MP: 1/1
   405 | D:1      | Reached skill level 4 in Axes
   451 | D:1      | Found a shimmering altar of Xom.
   758 | D:1      | Reached XP level 3. HP: 33/33 MP: 2/2
   767 | D:1      | Reached ** piety under Trog
  1301 | D:2      | Noticed Sigmund
  1322 | D:2      | Killed Sigmund
  1322 | D:2      | Reached skill level 5 in Axes
  1322 | D:2      | Reached XP level 4. HP: 5/41 MP: 3/3
  1322 | D:2      | Reached XP level 5. HP: 5/47 MP: 4/4
  2193 | D:2      | Found a white marble altar of Elyvilon.
  2437 | D:3      | Reached XP level 6. HP: 55/55 MP: 5/5
  2556 | D:3      | Reached skill level 6 in Axes
  2699 | D:3      | Reached skill level 5 in Fighting
  2711 | D:3      | Reached *** piety under Trog
  3318 | D:4      | Reached XP level 7. HP: 53/61 MP: 6/6
  3387 | D:4      | Found Iraiklai's Jewellery Emporium.
  3656 | D:4      | Reached skill level 7 in Axes
  3656 | D:4      | Reached skill level 5 in Armour
  3717 | D:4      | Found a hide-covered altar of Uskayaw.
  3835 | D:5      | Entered Level 5 of the Dungeon
  4607 | D:6      | Found a sacrificial altar of Ru.
  4641 | D:6      | Noticed Prince Ribbit
  4644 | D:6      | Reached XP level 8. HP: 70/70 MP: 7/7
  4647 | D:6      | Reached skill level 5 in Dodging
  4659 | D:6      | Reached skill level 8 in Axes
  4667 | D:6      | Found a shattered altar of Ashenzari.
  4875 | D:6      | Killed Prince Ribbit
  4875 | D:6      | Reached **** piety under Trog
  4991 | D:6      | Found an iron altar of Okawaru.
  5028 | D:6      | Found a shimmering altar of Xom.
  5030 | D:6      | Found a snail-covered altar of Cheibriados.
  5217 | D:6      | Found a burning altar of Makhleb.
  5217 | D:6      | Found an ancient bone altar of Kikubaaqudgha.
  5217 | D:6      | Found a shadowy altar of Dithmenos.
  5218 | D:6      | Found a shattered altar of Ashenzari.
  5220 | D:6      | Found an opulent altar of Gozag.
  5221 | D:6      | Found an ornate altar of the Wu Jian Council.
  5222 | D:6      | Found a hazy altar of Hepliaklqana.
  5437 | D:7      | Found a staircase to the Ecumenical Temple.
  5497 | D:7      | Found Ugacvo's Food Shoppe.
  5611 | D:7      | Reached skill level 9 in Axes
  5627 | D:7      | Reached XP level 9. HP: 78/79 MP: 8/8
  5637 | D:7      | Reached skill level 10 in Axes
  6082 | D:8      | Noticed Pikel
  6091 | D:8      | Killed Pikel
  6215 | D:8      | Reached skill level 11 in Axes
  6227 | D:8      | Mangled by an orc warrior

Skill      XL: |  1  2  3  4  5  6  7  8  9 |
---------------+----------------------------+-----
Axes           | 4 5 6 7 9 11 | 11.0
Fighting       | 4 5 6 7 8 |  8.3
Armour         | 3 4 5 6 7 |  7.9
Dodging        | 3 4 6 7 |  7.1

Action                   |  1- 3 |  4- 6 |  7- 9 || total
-------------------------+-------+-------+-------++-------
Melee: Hand axe          |    78 |   179 |   130 ||   387
       Headbutt          |     7 |    28 |    42 ||    77
       Battleaxe         |       |       |    81 ||    81
Throw: Stone             |    64 |   119 |   115 ||   298
Invok: Berserk           |     2 |     2 |     4 ||     8
       Trog's Hand       |       |       |     1 ||     1
  Use: Scroll            |       |    11 |     8 ||    19
       Potion            |       |       |     1 ||     1
  Eat: Chunk             |     2 |     9 |    21 ||    32
       Ration            |       |       |     1 ||     1
Armor: Animal skin       |     4 |       |       ||     4
       Leather armour    |    13 |    19 |       ||    32
       Chain mail        |       |    52 |    46 ||    98
       Plate armour      |       |       |    73 ||    73
Dodge: Dodged            |    64 |    55 |    75 ||   194
Block: Large shield      |       |    59 |    73 ||   132
